AoeStats
← wolololigma

Black Forest

504397505Analyzed
2v2 RM · 27d ago on Sep 5, 2026· 48m 31s· 4 players
Game mode
Random Map
Map size
Medium (4 player)
Population
200
Speed
Normal
Resources
Standard
Victory
Conquest
Starting age
Dark Age
Ending age
Imperial Age
RankedLock teamsTeams togetherTeam positionsShared explorationLock speedFull tech treeHidden civsTurbo modeCheats
Victory
Defeat
🇺🇸 Ethiopians · United States
1115
+14
🇺🇸 Inca · United States
1092
+15
🇺🇾 Celts · Uruguay
1102
-16
🇺🇾 Byzantines · Uruguay
1031
-13
Clayton
1:48 Loom
11:33 Feudal Age
15:36 Castle Age
14:49 Double-Bit Axe
15:55 Scale Mail Armor
15:46 Pikeman
22:33 Chain Mail Armor
23:15 Arson
23:43 Forging
26:40 Iron Casting
26:23 Man-at-Arms
27:08 Gambesons
27:24 Long Swordsman
44:02 Imperial Age
42:12 Wheelbarrow
41:24 Town Watch
45:05 Ballistics
48:29 Fletching
ELJUAN
0:30 Loom
14:54 Feudal Age
19:30 Castle Age
32:22 Imperial Age
38:20 Conscription
39:59 Chemistry
40:29 Fortified Wall
40:17 Horse Collar
46:47 Padded Archer Armor
46:38 Fletching
47:06 Thumb Ring
46:34 Elite Skirmisher
Squatch360
1:14 Loom
10:41 Feudal Age
16:20 Castle Age
14:11 Double-Bit Axe
14:44 Horse Collar
21:56 Wheelbarrow
23:04 Heavy Plow
23:33 Caravan
24:31 Scale Mail Armor
25:36 Chain Mail Armor
26:32 Hand Cart
32:21 Imperial Age
30:20 Fletching
30:31 Padded Archer Armor
31:28 Bow Saw
33:39 Andean Sling
33:49 Bodkin Arrow
34:10 Leather Archer Armor
34:23 Conscription
34:39 Hoardings
35:13 Bracer
35:41 Elite Skirmisher
38:04 Ring Archer Armor
37:27 Crossbowman
38:12 Thumb Ring
40:06 Forging
40:26 Plate Mail Armor
41:04 Siege Engineers
40:36 Arbalester
42:15 Ballistics
45:43 Iron Casting
47:16 Elite Kamayuk
50:02 Blast Furnace
wolololigma
0:39 Loom
11:53 Feudal Age
12:19 Double-Bit Axe
14:35 Horse Collar
20:23 Castle Age
20:24 Stone Mining
20:28 Gold Mining
22:00 Wheelbarrow
30:12 Hand Cart
30:17 Heavy Plow
30:29 Bow Saw
36:46 Imperial Age
34:49 Caravan
35:16 Crossbowman
36:36 Murder Holes
37:39 Crossbowman
39:57 Conscription
39:52 Forging
39:43 Scale Mail Armor
39:46 Elite Shotel Warrior
42:11 Two-Man Saw
42:29 Fortified Wall
42:26 Siege Engineers
42:42 Ballistics
43:16 Royal Heirs
44:03 Onager
46:17 Chemistry
46:12 Iron Casting
45:54 Chain Mail Armor
Connection lost

Rejoining the realm…

Still unreachable

The connection could not be restored.

Session expired

The server has moved on; the page needs a fresh start.